 Dungeon Crawl Stone Soup version 0.26.1-12-g5ba1501909 (webtiles) character file.

Game seed: 18150703469066332539

1038 Zeld the Conjurer (level 8, -4/68 HPs)
             Began as a Purple Draconian Conjurer on Oct 27, 2021.
             Was an Initiate of Gozag.
             Slain by Pikel
             ... wielding a +1 whip of electrocution
              (13 damage)
             ... on level 5 of the Dungeon.
             The game lasted 00:11:33 (6837 turns).

Zeld the Conjurer (Purple Draconian Conjurer)       Turns: 6837, Time: 00:11:34

Health: -4/68      AC:  6    Str:  9    XL:     8   Next: 4%
Magic:  2/14       EV: 13    Int: 21    God:    Gozag
Gold:   763        SH:  0    Dex: 10    Spells: 4/15 levels left

rFire    . . .     SeeInvis +   (no weapon)
rCold    . . .     Faith    .   (no shield)
rNeg     . . .     Spirit   .   (armour unavailable)
rPois    .         Reflect  .   (helmet restricted)
rElec    .         Harm     .   (no cloak)
rCorr    .         Rampage  .   (no gloves)
Will     +....                  (no boots)
Stlth    ++........             (no amulet)
HPRegen  0.21/turn              l - ring of see invisible
MPRegen  0.14/turn              (no ring)

@: no status effects
A: breathe power, unfitting armour, cold-blooded, AC +6
a: Breathe Dispelling Energy, Renounce Religion, Potion Petition, Call Merchant,
Bribe Branch


You were on level 5 of the Dungeon.
You worshipped Gozag.
Gozag was pleased with you.
You visited 1 branch of the dungeon, and saw 5 of its levels.

You collected 814 gold pieces.
You paid 51 gold pieces to Gozag.

Inventory:

Jewellery
 c - an uncursed ring of flight {unknown}
 k - an uncursed ring of protection from fire {unknown}
 l - a ring of see invisible (left hand)
Wands
 p - a wand of digging (1)
Scrolls
 a - 2 scrolls of identify {unknown}
 b - 6 scrolls of teleportation {unknown}
 f - 4 scrolls of remove curse {unknown}
 g - 4 scrolls of amnesia {unknown}
 h - 3 scrolls of immolation {unknown}
 m - 2 scrolls of noise {unknown}
 n - a scroll of enchant weapon {unknown}
 o - a scroll of enchant armour {unknown}
Potions
 d - a potion of curing {unknown}
 e - 2 potions of resistance {unknown}
 i - 4 potions of lignification {unknown}
 j - a potion of might {unknown}
 q - a potion of degeneration {unknown}
 r - a potion of mutation {unknown}


   Skills:
 * Level 5.0 Fighting
 + Level 3.3 Dodging
 + Level 3.6 Stealth
 + Level 4.2 Spellcasting
 * Level 6.2 Conjurations
 + Level 2.6 Hexes
 + Level 1.1 Translocations


You had 4 spell levels left.
You knew the following spells:

 Your Spells              Type           Power        Failure   Level
a - Magic Dart            Conj           100%         1%          1
b - Searing Ray           Conj           60%          1%          2
c - Fulminant Prism       Conj/Hex       11%          19%         4
d - Iskenderun's Mystic   Conj/Tloc      19%          26%         4

Your spell library contained the following spells:

 Spells                   Type           Power        Failure   Level
 Dazzling Flash           Conj/Hex       46%          5%          3
 Beastly Appendage        Tmut           8%           12%         1
 Summon Small Mammal      Summ           16%          12%         1
 Call Imp                 Summ           4%           19%         2
 Wereblood                Tmut           4%           19%         2
 Summon Guardian Golem    Hex/Summ       10%          21%         3
 Call Canine Familiar     Summ           4%           34%         3
 Spider Form              Tmut/Pois      2%           34%         3
 Ice Form                 Ice/Tmut       4%           75%         4
 Summon Ice Beast         Ice/Summ       4%           75%         4
 Summon Lightning Spire   Summ/Air       4%           75%         4
 Blade Hands              Tmut           2%           97%         5


Dungeon Overview and Level Annotations

Branches:
Dungeon (5/15)
 Temple: D:4-7

Altars:
Dithmenos
Gozag
Hepliaklqana

Annotations:
D:5 1 runed translucent door, Crazy Yiuf, Pikel


Innate Abilities, Weirdness & Mutations

You can breathe bolts of dispelling energy.
Your rich purple scales are hard. (AC +6)
You cannot fit into any form of body armour.
You are cold-blooded and may be slowed by cold attacks.


Message History

The lemure becomes distracted by the nearby gold, dreaming of imaginary riches.
Pikel hits you with a +1 whip of electrocution.
* * * LOW HITPOINT WARNING * * *
Pikel hits you with a +1 whip of electrocution.
* * * LOW HITPOINT WARNING * * *
You are electrocuted!
* * * LOW HITPOINT WARNING * * *
Press: ? - help, v - describe, . - travel
Here: Pikel, wielding a +1 whip of electrocution and wearing a +0 robe (severely wounded)
The floor.
Casting: Searing Ray (safe; 1% risk of failure)
Confirm with . or Enter, or press ? or * to list all spells.
Aiming: Searing Ray (safe; 1% risk of failure)
Press: ? - help, Shift-Dir - straight line, f/p - Pikel
Aim: Pikel, wielding a +1 whip of electrocution and wearing a +0 robe (severely wounded, 26% to evade)
The searing ray misses Pikel. (Press . to maintain the ray.) Pikel hits you but does no damage.
You are electrocuted!
You die...
Your body crumbles into a pile of gold.

......#...#..........#..#
..................##....#
#.................#....##
........>........##.#..#
................##...###
##........#.........##
#...).....#...##..###
....#..............###
)...#...........@K5#.##
.[<.##...........##55.#
.####..#.#......###5..#
...############## ##..##
# ....# #...## .## .##.#
#....##..# .. .# ###
♣♣##........## .. #
#)..#♣♣ ♣♣.#............
..
#...+.♣♣♣♣.P..(....#...##


You could see Pikel and 3 lemures.

Vanquished Creatures
  The ghost of Charcat the Slasher, an amateur DrFi (D:3)
  A phantom (D:4)
  2 ogres
  A centaur (D:5)
  A howler monkey (D:4)
  A hound (D:4)
  A jelly (D:5)
  An orc priest (D:4)
  2 orc wizards (D:3)
  Natasha (thrice) (D:3)
  3 worker ants (D:4)
  A howler monkey zombie (D:5)
  Robin (D:2)
  4 gnolls (D:2)
  5 adders
  A shadow imp (D:4)
  A white imp (D:5)
  2 oozes
  A worm (D:2)
  3 dart slugs
  3 leopard geckos
  4 orcs
  5 giant cockroaches
  12 goblins
  12 hobgoblins
  2 jackals (D:3)
  A quokka (D:5)
  2 ball pythons (D:1)
  6 bats
  6 frilled lizards
  A giant cockroach zombie (D:5)
  2 jackal skeletons
  A jackal zombie (D:5)
  12 kobolds
  6 rats
111 creatures vanquished.

Vanquished Creatures (others)
  2 fungi (D:5)
2 creatures vanquished.

Grand Total: 113 creatures vanquished

Notes
Turn   | Place    | Note
-------+----------+-------------------------------------------
     0 | D:1      | Zeld the Draconian Conjurer began the quest for the Orb.
     0 | D:1      | Reached XP level 1. HP: 14/14 MP: 3/3
   422 | D:1      | Reached XP level 2. HP: 22/22 MP: 0/5
   555 | D:1      | Reached skill level 1 in Fighting
   718 | D:1      | Learned a level 2 spell: Searing Ray
   808 | D:1      | Reached XP level 3. HP: 28/28 MP: 1/6
  1371 | D:2      | Found an opulent altar of Gozag.
  1476 | D:2      | Became a worshipper of Gozag Ym Sagoz the Greedy
  1781 | D:2      | Reached XP level 4. HP: 14/36 MP: 1/7
  2258 | D:2      | Found a faded altar of an unknown god.
  2303 | D:2      | Noticed Robin
  2467 | D:2      | Killed Robin
  2655 | D:2      | Found a shadowy altar of Dithmenos.
  2811 | D:3      | Learned a level 4 spell: Fulminant Prism
  2893 | D:3      | Reached XP level 5. HP: 32/42 MP: 4/8
  3356 | D:3      | Found a runed translucent door.
  3356 | D:3      | Noticed Charcat's ghost (amateur DrFi)
  3434 | D:3      | Noticed Natasha
  3441 | D:3      | Killed Natasha
  3442 | D:3      | Reached skill level 5 in Conjurations
  3659 | D:3      | Noticed Natasha
  3663 | D:3      | Killed Natasha
  4195 | D:3      | Noticed Natasha
  4206 | D:3      | Killed Natasha
  4207 | D:3      | Reached XP level 6. HP: 34/51 MP: 5/10
  4481 | D:3      | Killed Charcat's ghost
  4482 | D:3      | Reached skill level 1 in Hexes
  4887 | D:4      | Your scales start taking on a rich purple colour.
  4887 | D:4      | Reached XP level 7. HP: 20/59 MP: 2/12
  5513 | D:4      | Learned a level 4 spell: Iskenderun's Mystic Blast
  5929 | D:4      | Found a hazy altar of Hepliaklqana.
  6159 | D:5      | Entered Level 5 of the Dungeon
  6168 | D:5      | Reached skill level 6 in Conjurations
  6645 | D:5      | Reached skill level 5 in Fighting
  6645 | D:5      | Reached skill level 1 in Translocations
  6645 | D:5      | Reached XP level 8. HP: 39/68 MP: 5/14
  6786 | D:5      | Found a runed translucent door.
  6787 | D:5      | Noticed Crazy Yiuf
  6803 | D:5      | Noticed Pikel
  6837 | D:5      | Slain by Pikel

Illustrated notes

Levels and vault maps discovered:
D:1:      matt_arrival_refuge, layout_loops_ring
D:2:      layout_basic, grunt_dithmenos_smoke,
          nicolae_gozag_cash_rules_everything_around_me,
          chequers_ecumenical_altar_simple_redux, serial_curves, eino_curves_02,
          eino_curves_02, uniq_robin
D:3:      layout_basic, hellmonk_ghost_happy_afterlife, uniq_natasha
D:4:      layout_basic, nzn_hepliaklqana_mist_gate
D:5:      lemuel_ratsnest, layout_cave_pools, minmay_temple_entry_fiery,
          hangedman_decor_growths, uniq_pikel, uniq_edmund,
          uniq_crazy_yiuf_cottage

Skill      XL: |  1  2  3  4  5  6  7 |
---------------+----------------------+-----
Stealth        | 2 3 |  3.6
Fighting       | 1 2 3 4 5 |  5.0
Dodging        | 2 3 |  3.3
Conjurations   | 5 6 |  6.2
Hexes          | 1 2 |  2.6
Spellcasting   | 3 4 |  4.2
Translocations | 1 |  1.1

Action                   |  1- 3 |  4- 6 |  7- 9 || total
-------------------------+-------+-------+-------++-------
Melee: Unarmed           |    58 |    67 |    65 ||   190
       Tailslap          |     5 |     5 |     4 ||    14
 Cast: Magic Dart        |    72 |    37 |     5 ||   114
       Searing Ray       |     3 |    19 |    34 ||    56
 Abil: Breathe Dispellin |       |       |     1 ||     1
 Stab: Distracted        |       |     1 |       ||     1
       Sleeping          |       |       |     1 ||     1
Armor: Skin              |    27 |    24 |    36 ||    87
Dodge: Dodged            |    42 |    70 |    67 ||   179
